 Dungeon Crawl Stone Soup version 0.18.1-8-gdd0e5ea (webtiles) character file.

48 Gnarff the Conjurer (level 3, -3/27 HPs)
             Began as a Draconian Conjurer on June 4, 2016.
             Slain by a worker ant (6 damage)
             ... on level 3 of the Dungeon.
             The game lasted 00:25:00 (1930 turns).

Gnarff the Conjurer (Draconian Conjurer)            Turns: 1930, Time: 00:25:01

Health: -3/27      AC:  5    Str: 12    XL:     3   Next: 50%
Magic:  0/6        EV: 12    Int: 16    God:
Gold:   106        SH:  0    Dex: 11    Spells: 2 memorised, 3 levels left

rFire  . . .     SeeInvis .     g - +0 whip
rCold  . . .     Gourm    .     (armour unavailable)
rNeg   . . .     Faith    .     (no shield)
rPois  .         Spirit   .     (helmet restricted)
rElec  .         Dismiss  .     (no cloak)
rCorr  .         Reflect  .     (no gloves)
SustAt .         Harm     .     (no boots)
MR     .....                    (no amulet)
Stlth  ++........               (no ring)
                                (no ring)

@: lethally poisoned (-3 -> -9), very slightly contaminated, not resistant to
hostile enchantments, unstealthy
A: unfitting armour, strong 1, cold-blooded, AC +5
a: no special abilities


You were on level 3 of the Dungeon.
You were not hungry.

You visited 1 branch of the dungeon, and saw 3 of its levels.

You collected 106 gold pieces.

Inventory:

Hand Weapons
 g - a +0 whip (weapon)
Potions
 c - a potion of cure mutation
 e - a potion of magic {unknown}
 f - a potion of ambrosia {unknown}
 h - a potion of degeneration {unknown}
 l - a potion of brilliance {unknown}
 n - a potion of invisibility {unknown}
 o - 2 potions of curing {unknown}
Books
 a - a book of Conjurations

   Spells                             Type                      Level
   a - Magic Dart                     Conjuration                  1
   b - Searing Ray                    Conjuration                  2
   c - Dazzling Spray                 Conjuration/Hexes            3
   d - Fulminant Prism                Conjuration/Hexes            4
   e - Iskenderun's Mystic Blast      Conjuration                  4
   f - Iskenderun's Battlesphere      Conjuration/Charms           5
Comestibles
 b - 2 bread rations


   Skills:
 + Level 0.7 Fighting
 + Level 0.2 Maces & Flails
 + Level 2.4 Dodging
 + Level 1.8 Stealth
 + Level 2.3 Spellcasting
 + Level 4.5 Conjurations


You had 3 spell levels left.
You knew the following spells:

 Your Spells              Type           Power        Failure   Level  Hunger
a - Magic Dart            Conj           ###.         3%          1    #......
b - Searing Ray           Conj           ###...       6%          2    ###....


Dungeon Overview and Level Annotations

Branches:
Dungeon (3/15)

Altars:
Gozag


Innate Abilities, Weirdness & Mutations

Your plain brown scales are hard (AC +5).
Your body does not fit into most forms of armour.
You are cold-blooded and may be slowed by cold attacks.
Your muscles are strong. (Str +2)


Message History

Without enough magic to sustain it, your searing ray dissipates.
You feel sick.
The worker ant bites you but does no damage.
You closely miss the worker ant.
Your tail-slap misses the worker ant.
The worker ant is heavily wounded.
You feel sick. The worker ant completely misses you.
Drink which item? (? for menu, Esc to quit)
It was a potion of cure mutation.
It has a very clean taste.
You feel sick. The worker ant bites you.
* * * LOW HITPOINT WARNING * * *
Drink which item? (? for menu, Esc to quit)
It was a potion of beneficial mutation.
You feel stronger.
You feel fantastic! The worker ant closely misses you.
The worker ant barely misses you.
You closely miss the worker ant.
The worker ant is heavily wounded.
* * * LOW HITPOINT WARNING * * *
You feel sick. The worker ant bites you.
You die...

### ..# #.# #>#
#. #.#
.#..###.#######
.......@a......
......[<#######
.....#### .#..
##


You could see a worker ant.

Vanquished Creatures
  3 dart slugs
  A worm (D:2)
  2 giant geckos
  3 giant cockroaches
  5 goblins
  3 hobgoblins
  A jackal (D:1)
  A quokka (D:2)
  5 bats
  2 giant newts
  5 kobolds
  5 rats
36 creatures vanquished.

Notes
Turn   | Place    | Note
--------------------------------------------------------------
     0 | D:1      | Gnarff the Draconian Conjurer began the quest for the Orb.
     0 | D:1      | Reached XP level 1. HP: 14/14 MP: 3/3
   442 | D:1      | Reached XP level 2. HP: 21/22 MP: 5/5
   698 | D:1      | Learned a level 2 spell: Searing Ray
  1098 | D:2      | Reached XP level 3. HP: 26/27 MP: 2/6
  1333 | D:2      | Found an opulent altar of Gozag.
  1929 | D:3      | Gained mutation: Your muscles are strong. (Str +2) [potion of beneficial mutation]
  1930 | D:3      | Slain by a worker ant

Skill      XL: |  1  2 |
---------------+-------+-----
Dodging        | 2 |  2.4
Fighting       | |  0.7
Maces & Flails | |  0.2
Stealth        | |  1.8
Spellcasting   | |  2.3
Conjurations   | |  4.5

Action                   || total
-------------------------++-------
Melee: Whip              ||   188
       Unarmed           ||    62
       Tailslap          ||    34
 Fire: Hunting sling     ||     2
 Cast: Magic Dart        ||    20
       Searing Ray       ||     2
  Use: Scroll            ||     5
       Potion            ||     2
 Stab: Sleeping          ||     3
  Eat: Beef jerky        ||     1
       Meat ration       ||     1
Armor: Skin              ||    51
Dodge: Dodged            ||    93
